 Dungeon Crawl Stone Soup version 0.18.2-3-g5ac21b8443 (webtiles) character file.

434 KristoblXynda the Cutter (level 7, 0/44 HPs)
             Began as a Kobold Gladiator on Nov 5, 2021.
             Slain by a gnoll
             ... wielding a +0 whip
              (8 damage)
             ... on level 4 of the Dungeon.
             The game lasted 00:05:32 (4155 turns).

KristoblXynda the Cutter (Kobold Gladiator)         Turns: 4155, Time: 00:05:33

Health: 0/44       AC:  5    Str: 15    XL:     7   Next: 20%
Magic:  7/7        EV: 17    Int:  6    God:
Gold:   146        SH:  0    Dex: 17    Spells: 0 memorised, 6 levels left

rFire  . . .     SeeInvis .     a - +0 rapier
rCold  . . .     Gourm    .     w - +1 leather armour {rPois}
rNeg   . . .     Faith    .     (shield restricted)
rPois  +         Spirit   .     c - +0 helmet
rElec  .         Dismiss  .     (no cloak)
rCorr  .         Reflect  .     (no gloves)
SustAt .         Harm     .     (no boots)
MR     .....                    u - amulet of rage
Stlth  +++.......               (no ring)
                                (no ring)

@: not resistant to hostile enchantments, fairly stealthy
A: carnivore 3
a: Evoke Berserk Rage


You were on level 4 of the Dungeon.
You were completely stuffed.

You visited 1 branch of the dungeon, and saw 4 of its levels.

You collected 146 gold pieces.

Inventory:

Hand Weapons
 a - a +0 rapier (weapon)
Missiles
 d - 3 throwing nets (quivered)
Armour
 c - a +0 helmet (worn)
 w - a +1 leather armour of poison resistance (worn)
Jewellery
 u - an amulet of rage (around neck)
Scrolls
 b - a scroll of teleportation {unknown}
 e - 2 scrolls of enchant armour
 h - 3 scrolls of remove curse
 l - a scroll of enchant weapon {unknown}
 n - a scroll of random uselessness {unknown}
 r - a scroll of fog
 x - a scroll of magic mapping {unknown}
Potions
 i - a potion of ambrosia {unknown}
 j - a potion of brilliance {unknown}
 m - a potion of haste {unknown}
 o - 2 potions of flight
 p - a potion of resistance {unknown}
 q - a potion of mutation {unknown}
 s - a potion of invisibility {unknown}
 t - a potion of heal wounds
 v - a potion of degeneration {unknown}
Comestibles
 f - 4 meat rations
 k - 2 beef jerkies


   Skills:
 + Level 4.6 Fighting
 + Level 6.1 Short Blades
 - Level 2.1 Throwing
 + Level 5.4 Dodging
 + Level 4.3 Stealth


You had 6 spell levels left.
You didn't know any spells.

Dungeon Overview and Level Annotations

Branches:
Dungeon (4/15)
 Temple: D:4-7

Altars:
Vehumet


Innate Abilities, Weirdness & Mutations

You are small and have problems with some larger weapons.
You are carnivorous and can eat meat at any time.


Message History

The gnoll is heavily wounded.
The gnoll closely misses you.
You barely miss the gnoll.
The gnoll is heavily wounded.
The gnoll hits you but does no damage.
You closely miss the gnoll.
The gnoll is heavily wounded.
The gnoll barely misses you.
You completely miss the gnoll.
The gnoll is heavily wounded.
The gnoll hits you with a whip.
* * * LOW HITPOINT WARNING * * *
You closely miss the gnoll.
The gnoll is heavily wounded.
The gnoll hits you with a whip.
* * * LOW HITPOINT WARNING * * *
You hit the gnoll.
The gnoll is severely wounded.
The gnoll hits you with a whip!
You die...

############ #####
...........#####...#####
##########.....#.#.....#
##### #.###.._..###.#
.....# #.# ###.#####.##
####.# #.# #.## #...###
#.# #......#...# #.#
#.####...#.# #.# #@#
##.##.# #.# #g# #.##.#
..#####.#####.##.#######
#.............##.......(
#.......#............###
...######.##########.#
#. #># # #.# #.#


You could see a gnoll.

Vanquished Creatures
  An ogre (D:4)
  The ghost of ig87 the Ducker, a weakling MiMo (D:3)
  A howler monkey (D:4)
  A hound (D:4)
  2 worker ants
  Ijyb (D:3)
  Natasha (D:3)
  3 adders
  2 gnolls (D:4)
  A shadow imp (D:4)
  An ooze (D:3)
  A worm (D:2)
  3 dart slugs
  3 giant geckos
  5 orcs
  A ball python (D:1)
  8 bats
  2 giant cockroaches
  7 goblins
  8 hobgoblins
  6 jackals (D:1)
  2 quokkas
  3 giant newts
  A jackal skeleton (D:4)
  3 kobolds
  2 kobold zombies (D:4)
  6 rats
76 creatures vanquished.

Notes
Turn   | Place    | Note
--------------------------------------------------------------
     0 | D:1      | KristoblXynda the Kobold Gladiator began the quest for the Orb.
     0 | D:1      | Reached XP level 1. HP: 12/12 MP: 1/1
   138 | D:1      | Reached XP level 2. HP: 6/18 MP: 2/2
   883 | D:1      | Reached XP level 3. HP: 22/22 MP: 3/3
  1509 | D:2      | Reached skill level 1 in Stealth
  1781 | D:2      | Reached XP level 4. HP: 28/28 MP: 4/4
  2252 | D:3      | Noticed Ijyb
  2283 | D:3      | Killed Ijyb
  2283 | D:3      | Reached skill level 5 in Short Blades
  2449 | D:3      | Reached XP level 5. HP: 29/32 MP: 5/5
  2776 | D:3      | Noticed ig87's ghost (weakling MiMo)
  2809 | D:3      | Killed ig87's ghost
  3381 | D:3      | Noticed Natasha
  3387 | D:3      | Killed Natasha
  3387 | D:3      | Reached XP level 6. HP: 33/38 MP: 6/6
  3826 | D:4      | Reached skill level 5 in Dodging
  3843 | D:4      | Noticed an ogre
  3858 | D:4      | Killed an ogre
  3993 | D:4      | Reached skill level 6 in Short Blades
  3993 | D:4      | Reached XP level 7. HP: 40/44 MP: 7/7
  4092 | D:4      | Found a radiant altar of Vehumet.
  4155 | D:4      | Slain by a gnoll

Skill      XL: |  1  2  3  4  5  6 |
---------------+-------------------+-----
Dodging        | 4 5 |  5.4
Stealth        | 1 2 3 4 |  4.3
Fighting       | 3 4 |  4.6
Short Blades   | 5 6 |  6.1
Throwing       | |  2.1

Action                   |  1- 3 |  4- 6 |  7- 9 || total
-------------------------+-------+-------+-------++-------
Melee: Rapier            |   137 |   241 |    26 ||   404
Throw: Throwing net      |       |     1 |       ||     1
  Use: Scroll            |       |     6 |     1 ||     7
       Potion            |       |     1 |       ||     1
 Stab: Sleeping          |     3 |     5 |     1 ||     9
  Eat: Chunk             |    11 |     7 |     1 ||    19
Armor: Leather armour    |    30 |    18 |     3 ||    51
       Ring mail         |       |    22 |       ||    22
       Skin              |       |    18 |       ||    18
Dodge: Dodged            |   104 |   192 |    10 ||   306
